 Dungeon Crawl Stone Soup version 0.28-a0-1616-g050a50673c (webtiles) character file.

Game seed: 14798460935016993189

574 issech the Cudgeller (level 7, -17/67 HPs)
             Began as a Troll Berserker on Jan 22, 2022.
             Was a Priest of Trog.
             Engulfed by a cloud of flame (27 damage)
             ... on level 4 of the Dungeon.
             The game lasted 00:13:57 (3273 turns).

issech the Cudgeller (Troll Berserker)              Turns: 3273, Time: 00:13:58

Health: -17/67     AC:  4    Str: 26    XL:     7   Next: 12%
Magic:  6/6        EV: 10    Int:  3    God:    Trog [***...]
Gold:   178        SH:  0    Dex: 11    Spells: 6/6 levels left

rFire   . . .      SeeInvis .   l - +10 club
rCold   . . .      Faith    .   (no shield)
rNeg    . . .      Spirit   .   b - +0 animal skin
rPois   .          Reflect  .   (helmet restricted)
rElec   .          Harm     .   (no cloak)
rCorr   .          Rampage  .   (gloves unavailable)
Will    .....                   (boots unavailable)
Stlth   +.........              (no amulet)
HPRegen 1.01/turn               (no ring)
MPRegen 0.10/turn               (no ring)

@: no status effects
A: large, unfitting armour, claws 3, regeneration 1, shaggy fur 1, tough skin 1
a: Renounce Religion, Berserk, Trog's Hand


You were on level 4 of the Dungeon.
You worshipped Trog.
Trog was most pleased with you.
You visited 1 branch of the dungeon, and saw 4 of its levels.

You collected 178 gold pieces.

Inventory:

Hand Weapons
 a - a +0 mace of freezing
 h - a +1 whip of electrocution
 i - a +0 whip
 j - a +2 spectral quarterstaff
 l - a +10 club (weapon)
 t - a +2 great sword of protection
Missiles
 e - 90 arrows
 f - 83 stones (quivered)
 g - 39 sling bullets
 k - 3 boomerangs
 n - 3 large rocks
 o - 23 bolts
 s - 7 poisoned darts
Armour
 b - a +0 animal skin (worn)
 m - a +0 animal skin
Jewellery
 y - a ring of wizardry
Scrolls
 p - a scroll of torment
Potions
 c - a potion of attraction
 d - 2 potions of haste
 q - a potion of brilliance {unknown}
 v - a potion of might {unknown}
 w - a potion of curing {unknown}
 x - a potion of ambrosia {unknown}


   Skills:
 + Level 3.6 Fighting
 + Level 4.9(5.3) Maces & Flails
 + Level 2.6(3.9) Staves
 + Level 3.6 Dodging
 + Level 0.7 Stealth


You had 6 spell levels left.
You didn't know any spells.
Your spell library was empty.

Dungeon Overview and Level Annotations

Branches:
Dungeon (4/15)
 Temple: D:4-7

Altars:


Innate Abilities, Weirdness & Mutations

You are too large for most types of armour.
You have claws for hands.
Your natural rate of healing is unusually fast.
You are covered in fur. (AC +1)
You have tough skin. (AC +1)


Message History

You are engulfed in blazing flames.
* * * LOW HITPOINT WARNING * * *
You start resting.
Your kobold dissolves into shadows! x2
Your hobgoblin dissolves into shadows!
Your iguana dissolves into shadows!
HP restored.
Really walk into a travel-excluded area? [Y]es or [N]o only, please.
Really walk into a travel-excluded area? [Y]es or [N]o only, please.
Really walk into a travel-excluded area?
Really walk into that cloud of flame?
Okay, then.
You are engulfed in blazing flames.
You are engulfed in blazing flames.
You are engulfed in blazing flames.
* * * LOW HITPOINT WARNING * * *
You start resting.
HP restored.
Really walk into a travel-excluded area?
You are engulfed in blazing flames.
You are engulfed in blazing flames.
You see here 17 gold pieces.
You are engulfed in blazing flames.
* * * LOW HITPOINT WARNING * * *
You start resting.
HP restored.
Really walk into a travel-excluded area?
You are engulfed in blazing flames.
You are engulfed in blazing flames.
You see here 17 gold pieces.
You now have 178 gold pieces (gained 17).
You are engulfed in blazing flames.
* * * LOW HITPOINT WARNING * * *
Really walk into that cloud of flame?
Okay, then.
Really walk into that cloud of flame?
You are engulfed in blazing flames.
You die...

##### #...# #°§§# ### #§☼§# ####
# ##.## #☼☼@# #..# #
##...#####...######.#########
#####.....○☼§.....§§§...........#
..##......§☼§.....°§§...#######.#
#.........§°☼.)...○§○......# #.#
..##.....#####...######.##.# ##.#
#####.>..# #○§☼# #.##.# #..# #
##...# #○☼§# #....# #.## # ##.##
#§☼○# ###..###.##


There were no monsters in sight!

Vanquished Creatures
  2 ogres (D:4)
  A scorpion (D:4)
  A bullfrog skeleton (D:4)
  Natasha (twice) (D:3)
  An iguana (D:4)
  Robin (D:3)
  5 gnolls
  10 adders
  A white imp (D:4)
  2 worms
  2 dart slugs
  2 orcs (D:4)
  3 endoplasms (D:2)
  6 giant cockroaches
  14 goblins
  6 hobgoblins
  2 jackals (D:2)
  11 kobolds
  3 quokkas (D:3)
  8 ball pythons
  2 bats
  3 frilled lizards
  2 rats
90 creatures vanquished.

Notes
Turn   | Place    | Note
-------+----------+-------------------------------------------
     0 | D:1      | issech the Troll Berserker began the quest for the Orb.
     0 | D:1      | Reached XP level 1. HP: 22/22 MP: 0/0
   452 | D:1      | Reached XP level 2. HP: 26/29 MP: 1/1
   531 | D:1      | You fall into a shaft and drop 1 floor!
   540 | D:2      | Reached skill level 3 in Maces & Flails
   612 | D:2      | Reached XP level 3. HP: 36/36 MP: 2/2
   673 | D:2      | Found a faded altar of an unknown god.
   756 | D:2      | Reached ** piety under Trog
   918 | D:2      | Reached XP level 4. HP: 44/44 MP: 3/3
  1386 | D:3      | Reached skill level 4 in Maces & Flails
  1569 | D:3      | Noticed Robin
  1590 | D:3      | Reached XP level 5. HP: 31/53 MP: 4/4
  1594 | D:3      | Killed Robin
  1595 | D:3      | Reached *** piety under Trog
  1654 | D:3      | Noticed Natasha
  1668 | D:3      | Killed Natasha
  1701 | D:3      | Reached skill level 1 in Staves
  2035 | D:3      | Noticed Natasha
  2042 | D:3      | Killed Natasha
  2132 | D:4      | Reached XP level 6. HP: 49/61 MP: 5/5
  2330 | D:4      | Reached XP level 7. HP: 42/67 MP: 6/6
  3273 | D:4      | Engulfed by a cloud of flame

Illustrated notes

Levels and vault maps discovered:
D:1:      ncdulo_watergridlock, layout_loops_cross
D:2:      layout_loops_cross, ebering_ecumenical_altar_petrified,
          cheibrodos_gnoll_hut
D:3:      layout_basic, moated_statue, uniq_natasha, uniq_robin
D:4:      minmay_clustersquares, layout_loops_ring, lemuel_flame_loot_1

Skill      XL: |  1  2  3  4  5  6 |
---------------+-------------------+-----
Maces & Flails | 3 4 |  4.9
Dodging        | 3 |  3.6
Fighting       | 3 |  3.6
Staves         | 1 2 |  2.6
Stealth        | |  0.7

Action                   |  1- 3 |  4- 6 |  7- 9 || total
-------------------------+-------+-------+-------++-------
Melee: Mace              |    98 |    26 |       ||   124
       Quarterstaff      |       |    28 |       ||    28
       Punch             |       |     2 |       ||     2
       Club              |       |    73 |    16 ||    89
  Use: Scroll            |     2 |     1 |     6 ||     9
Armor: Animal skin       |    41 |    38 |     2 ||    81
Dodge: Dodged            |    85 |    71 |     6 ||   162

Table legend: (Time is in decaauts)
 A = Elapsed time spent in this place.
 B = Non-inter-level travel time spent in this place.
 C = Inter-level travel time spent in this place.
 D = Time resting spent in this place.
 E = Time spent auto-exploring this place.
 F = Levels seen in this place.
 G = Mean time per level.
                   A        B        C        D        E       F      G
               +--------+--------+--------+--------+--------+-----+--------+
         Total |   3312 |   3242 |     70 |    195 |   1661 |   4 |  828.0 |
       Dungeon |   3312 |   3242 |     70 |    195 |   1661 |   4 |  828.0 |
               +--------+--------+--------+--------+--------+-----+--------+

Top non-repeatable levels by time:
     D:4: 1209 daAuts
     D:2: 806 daAuts
     D:3: 756 daAuts
     D:1: 540 daAuts
